 Dungeon Crawl Stone Soup version 0.29-a0-330-g52719c12eb (webtiles) character file.

Game seed: 5360937349650760337

355 night the Insei (level 6, -1/46 HPs)
             Began as a Barachi Warper on May 11, 2022.
             Slain by an ogre
             ... wielding a +0 giant spiked club
              (25 damage)
             ... on level 4 of the Dungeon.
             The game lasted 00:10:44 (4269 turns).

night the Insei (Barachi Warper)                    Turns: 4269, Time: 00:10:45

Health: -1/46      AC:  8    Str: 11 (12) XL:     6   Next: 63%
Magic:  9/9        EV: 11    Int: 13 (15) God:
Gold:   274        SH:  0    Dex: 11 (12) Spells: 2/9 levels left

rFire   . . .      SeeInvis .     - Unarmed
rCold   . . .      Faith    .   (no shield)
rNeg    . . .      Spirit   .   a - +0 leather armour
rPois   .          Reflect  .   (no helmet)
rElec   .          Harm     .   k - +0 cloak
rCorr   .          Rampage  .   (no gloves)
Will    .....                   (no boots)
Stlth   +.........              (no amulet)
HPRegen 0.15/turn               f - +4 ring of protection
MPRegen 0.11/turn               (no ring)

@: slow
A: amphibious, slowness 1, strong legs 1, +LOS
a: Hop


You were on level 4 of the Dungeon.
You visited 1 branch of the dungeon, and saw 4 of its levels.

You collected 274 gold pieces.

Inventory:

Hand Weapons
 e - a +0 dagger
 m - a +2 short sword of speed
Missiles
 c - 7 boomerangs of dispersal
 g - 152 stones
 j - 3 boomerangs (quivered)
Armour
 a - a +0 leather armour (worn)
 k - a +0 cloak (worn)
Jewellery
 f - a +4 ring of protection (left hand)
 s - a ring of fire
Scrolls
 b - 2 scrolls of blinking
 i - a scroll of teleportation
 l - 6 scrolls of identify
 p - a scroll of noise {unknown}
 q - a scroll of enchant weapon {unknown}
 r - a scroll of immolation {unknown}
Potions
 d - a potion of resistance
 h - a potion of degeneration
 n - a potion of might
 o - a potion of curing


   Skills:
 - Level 2.4 Fighting
 - Level 1.0 Throwing
 - Level 1.2 Armour
 - Level 2.1 Dodging
 + Level 5.9 Unarmed Combat
 - Level 2.1 Spellcasting
 + Level 5.6 Translocations


You had 2 spell levels left.
You knew the following spells:

 Your Spells              Type           Power      Damage    Failure   Level
a - Blink                 Tloc           32%        N/A       4%          2
b - Manifold Assault      Tloc           16%        N/A       65%         5

Your spell library contained the following spells:

 Spells                   Type           Power      Damage    Failure   Level
 Apportation              Tloc           32%        N/A       3%          1
 Passwall                 Tmut/Erth      0%         N/A       45%         2
 Gell's Gravitas          Tloc           16%        N/A       10%         3
 Lesser Beckoning         Tloc           16%        N/A       10%         3
 Teleport Other           Tloc           16%        N/A       10%         3
 Alistair's Intoxication  Tmut/Pois      0%         N/A       100%        5
 Borgnjor's Vile Clutch   Necr/Erth      0%         N/A       100%        5
 Lee's Rapid Deconstruct  Erth           0%         3d5*      100%        5
 Death's Door             Necr           0%         N/A       100%        9


Dungeon Overview and Level Annotations

Branches:
Dungeon (4/15)
 Temple: D:4-7

Altars:
Yredelemnul
Zin

Shops:
D:1 =   D:3 (


Innate Abilities, Weirdness & Mutations

You are amphibious.
You cover ground slowly.
You can hop short distances.
You have an extended range of vision and can be seen from far away.


Message History

Aim: an ogre, wielding a +0 giant spiked club (lightly wounded, 72% to hit)
You throw a boomerang. The boomerang barely misses the ogre.
The boomerang barely misses the hobgoblin.
Throw: 3 boomerangs
Press: ? - help, Q - select action, (/) - cycle Shift-Dir - straight line, f/p - ogre
Aim: an ogre, wielding a +0 giant spiked club (lightly wounded, 72% to hit)
You throw a boomerang. The boomerang barely misses the ogre.
The boomerang hits the hobgoblin but does no damage.
You barely miss the ogre.
The ogre is lightly wounded.
The ogre hits you with a +0 giant spiked club.
You completely miss the ogre.
The ogre is lightly wounded.
The ogre hits you with a +0 giant spiked club!
You closely miss the ogre.
The ogre is lightly wounded.
The hobgoblin hits you but does no damage.
You hit the ogre.
The ogre is moderately wounded.
The hobgoblin hits you but does no damage.
The ogre misses you.
You closely miss the hobgoblin.
The hobgoblin hits you but does no damage.
You closely miss the hobgoblin. The hobgoblin hits you.
You hit the hobgoblin.
The hobgoblin is moderately wounded.
The hobgoblin hits you but does no damage.
You closely miss the hobgoblin.
The hobgoblin is moderately wounded.
The hobgoblin barely misses you.
You completely miss the hobgoblin.
The hobgoblin is moderately wounded.
The hobgoblin barely misses you.
You hit the hobgoblin.
You kill the hobgoblin!
You hit the ogre.
The ogre is heavily wounded.
The ogre hits you with a +0 giant spiked club!!
Ouch! That really hurt!
You die...

# #......
.#.#...#..
.......#.#
#.......##
#.....>##
#.......#
.......#..###
...#####O##.# ..
#@.#.##
#####.....#
...........#
...........####
#..###...#....###
#. ##.###..†...##
# ....#..#.....#
#.##.....###...##
# #..#..##.....##


You could see an ogre.

Vanquished Creatures
  A phantom (D:4)
  A necrophage (D:4)
  A scorpion (D:4)
  An orc priest (D:3)
  Robin (D:2)
  4 adders
  4 worms
  A dart slug (D:4)
  2 orcs (D:3)
  4 endoplasms
  3 giant cockroaches
  12 goblins
  8 hobgoblins
  7 jackals
  5 quokkas
  4 ball pythons
  A bat (D:3)
  5 frilled lizards
  7 kobolds
  A rat (D:1)
73 creatures vanquished.

Notes
Turn   | Place    | Note
-------+----------+-------------------------------------------
     0 | D:1      | night the Barachi Warper began the quest for the Orb.
     0 | D:1      | Reached XP level 1. HP: 17/17 MP: 3/3
   462 | D:1      | Reached XP level 2. HP: 23/23 MP: 5/5
   474 | D:1      | Found Axaar's Jewellery Boutique.
   558 | D:1      | Learned a level 2 spell: Blink
  1412 | D:2      | Noticed Robin
  1415 | D:2      | Reached XP level 3. HP: 28/28 MP: 6/6
  1587 | D:2      | Identified 2 scrolls of acquirement
  1949 | D:1      | Acquired the Disquisition on Ghastly Earth
  1951 | D:1      | Acquired a +4 ring of protection
  2202 | D:2      | Killed Robin
  2211 | D:2      | Reached XP level 4. HP: 32/34 MP: 7/7
  2550 | D:3      | Found a glowing silver altar of Zin.
  2798 | D:3      | Noticed a golden eye
  2803 | D:3      | Found a faded altar of an unknown god.
  2803 | D:3      | Noticed a shining eye
  2804 | D:3      | Noticed a shining eye
  2805 | D:3      | Noticed a golden eye
  2987 | D:3      | Reached XP level 5. HP: 38/39 MP: 8/8
  2993 | D:3      | Learned a level 5 spell: Manifold Assault
  3079 | D:3      | Found Cufim's Antique Weapon Shoppe.
  3258 | D:3      | Found a basalt altar of Yredelemnul.
  3557 | D:4      | Noticed a phantom
  3582 | D:4      | Reached skill level 5 in Unarmed Combat
  3582 | D:4      | Reached skill level 5 in Translocations
  3600 | D:4      | HP: 4/39 [phantom (6)]
  3611 | D:4      | Killed a phantom
  3611 | D:4      | HP: 4/39 [kobold/+0 dagger (2)]
  3612 | D:4      | Reached XP level 6. HP: 5/46 MP: 9/9
  4269 | D:4      | Slain by an ogre

Illustrated notes

Levels and vault maps discovered:
D:1:      amcnicky_arrival_underground_garden, layout_rooms, serial_shops, shop,
          hangedman_glass_teeth
D:2:      wander_river, layout_basic, uniq_robin
D:3:      layout_loops_ring, zin_statuary, amcnicky_altar_gilded,
          hellmonk_ecumenical_altar_watching_god, serial_shops,
          nicolae_shop_trees, hangedman_decor_clover_reticule
D:4:      layout_cave_pools, gup_sewer_entry_pipe

Skill      XL: |  1  2  3  4  5 |
---------------+----------------+-----
Unarmed Combat | 3 4 5 |  5.9
Translocations | 4 5 |  5.6
Fighting       | |  2.4
Throwing       | |  1.0
Armour         | |  1.2
Dodging        | |  2.1
Spellcasting   | |  2.1

Action                   |  1- 3 |  4- 6 || total
-------------------------+-------+-------++-------
Melee: Unarmed           |   161 |   202 ||   363
       Punch             |     2 |     2 ||     4
Throw: Stone             |    21 |       ||    21
       Boomerang         |       |     3 ||     3
 Abil: Hop               |     2 |     1 ||     3
  Use: Scroll            |     5 |       ||     5
       Potion            |     2 |     7 ||     9
Armor: Leather armour    |    40 |    67 ||   107
Dodge: Dodged            |   104 |    97 ||   201

Table legend: (Time is in decaauts)
 A = Elapsed time spent in this place.
 B = Non-inter-level travel time spent in this place.
 C = Inter-level travel time spent in this place.
 D = Time resting spent in this place.
 E = Time spent auto-exploring this place.
 F = Levels seen in this place.
 G = Mean time per level.
                   A        B        C        D        E       F      G
               +--------+--------+--------+--------+--------+-----+--------+
         Total |   4583 |   4484 |     99 |    646 |   3011 |   4 | 1145.8 |
       Dungeon |   4583 |   4484 |     99 |    646 |   3011 |   4 | 1145.8 |
               +--------+--------+--------+--------+--------+-----+--------+

Top non-repeatable levels by time:
     D:1: 1897 daAuts
     D:3: 1150 daAuts
     D:2: 793 daAuts
     D:4: 741 daAuts
